 Dungeon Crawl Stone Soup version 0.23.2-1-ga50397a (webtiles) character file.

Game seed: 3233510476930833194

35 dvd the Skirmisher (level 3, -2/29 HPs)
             Began as a Mummy Fighter on May 9, 2019.
             Killed from afar by Sigmund (7 damage)
             ... with a magic dart
             ... on level 2 of the Dungeon.
             The game lasted 00:01:31 (1118 turns).

dvd the Skirmisher (Mummy Fighter)                  Turns: 1118, Time: 00:01:32

Health: -2/29      AC:  7    Str: 20    XL:     3   Next: 17%
Magic:  3/3        EV:  7    Int:  7    God:
Gold:   81         SH:  9    Dex: 11    Spells: 2/2 levels left

rFire    x . .     SeeInvis .   a - +0 war axe
rCold    + . .     Gourm    .   c - +0 shield
rNeg     + + +     Faith    .   b - +0 scale mail
rPois    ∞         Spirit   .   d - +0 helmet
rElec    .         Reflect  .   (no cloak)
rCorr    .         Harm     .   (no gloves)
MR       .....                  (no boots)
Stlth    ..........             (no amulet)
HPRegen  0.09/turn              (no ring)
MPRegen  0.08/turn              (no ring)

@: no status effects
A: no food or potions, fire vulnerability, cold resistance 1, negative energy
resistance 3, torment resistance, unbreathing
a: no special abilities


You were on level 2 of the Dungeon.
You were not hungry.

You visited 1 branch of the dungeon, and saw 2 of its levels.

You collected 81 gold pieces.

Inventory:

Hand Weapons
 a - a +0 war axe (weapon)
Armour
 b - a +0 scale mail (worn)
 c - a +0 shield (worn)
 d - a +0 helmet (worn)
Scrolls
 e - 2 scrolls of identify {unknown}
 f - a scroll of enchant weapon {unknown}
 g - 2 scrolls of amnesia {unknown}


   Skills:
 + Level 3.3 Fighting
 + Level 1.9 Axes
 + Level 2.9 Armour
 + Level 0.1 Dodging
 + Level 2.7 Shields


You had 2 spell levels left.
You didn't know any spells.
Your spell library was empty.

Dungeon Overview and Level Annotations

Branches:
Dungeon (2/15)

Altars:
Ashenzari
Hepliaklqana
Nemelex Xobeh
The Shining One

Annotations:
D:2 Sigmund


Innate Abilities, Weirdness & Mutations

You do not eat or drink.
Your flesh is vulnerable to fire.
You are immune to poison.
Your flesh is cold resistant. (rC+)
You are immune to negative energy. (rN+++)
You are immune to unholy pain and torment.
You can survive without breathing.


Message History

The puff of flame hits you! The fire burns you terribly!
You bump into the rock wall.
You bump into the rock wall.
You're too confused to move!
You bump into the rock wall.
You feel less confused.
You hear some strange, mumbled words.
Something tries to affect you, but you resist.
Something hits you.
A magic dart appears from out of thin air!
The magic dart hits you!
* * * LOW HITPOINT WARNING * * *
You hear some strange, mumbled words.
Something tries to affect you, but you resist.
A puff of flame appears from out of thin air!
The puff of flame hits you. The fire burns you terribly!
* * * LOW HITPOINT WARNING * * *
A magic dart appears from out of thin air!
The magic dart hits you!
You die...

#.#.##.# #.##.###.# #.#.##.#
#.##.###.##### #......#
#........#.... ###.####
####'#####.### #####.#### ##..>##
#.# # #........# ##.....###.# #
## #.###..#.# ##.......##.###
...#####.###....###.........#....
....>...........@.'.........'....
.#.#####.###....###.........####.
.. #.####...# ##.......## #. #
#........# ##.....## #)
#######.## ##...## ##
##.########'## # #..#....# #)# #
#.##.##.# #.# # #.##.##.###.## #


There were no monsters in sight!

Vanquished Creatures
  An adder (D:2)
  A worm (D:2)
  A leopard gecko (D:1)
  4 goblins
  4 hobgoblins
  3 bats (D:2)
  3 frilled lizards
  3 kobolds (D:1)
  2 rats (D:1)
22 creatures vanquished.

Notes
Turn   | Place    | Note
-------+----------+-------------------------------------------
     0 | D:1      | dvd the Mummy Fighter began the quest for the Orb.
     0 | D:1      | Reached XP level 1. HP: 18/18 MP: 1/1
   124 | D:1      | Reached XP level 2. HP: 24/24 MP: 2/2
   309 | D:1      | You fall through a shaft!
   587 | D:2      | Reached XP level 3. HP: 28/29 MP: 3/3
   597 | D:2      | Found a shattered altar of Ashenzari.
   655 | D:2      | Found a hazy altar of Hepliaklqana.
   657 | D:2      | Found a glowing golden altar of the Shining One.
   946 | D:2      | Found a sparkling altar of Nemelex Xobeh.
  1099 | D:2      | Noticed Sigmund
  1118 | D:2      | Killed from afar by Sigmund

Action                   || total
-------------------------++-------
Melee: War axe           ||    77
Armor: Scale mail        ||    43
Dodge: Dodged            ||    37
Block: Shield            ||    42
